 Dungeon Crawl Stone Soup version 0.31.0-7-gf635a9b802 (webtiles) character file.

Game seed: 3064284964823195901

12 tevo3000 the Sneak (level 2, 0/13 HPs)
             Began as a Spriggan Enchanter on Jan 23, 2024.
             Slain by a goblin
             ... wielding a +2 dagger of protection
              (3 damage)
             ... on level 1 of the Dungeon on Jan 24, 2024.
             The game lasted 00:06:53 (202 turns).

tevo3000 the Sneak (Spriggan Enchanter)              Turns: 202, Time: 00:06:54

Health: 0/13       AC:  2    Str:  4    XL:     2   Next: 20%
Magic:  1/6        EV: 17    Int: 16    God:
Gold:   10         SH:  0    Dex: 15    Spells: 2/6 levels left

rFire   . . .        a - +1 dagger
rCold   . . .        (no shield)
rNeg    . . .        b - +0 robe
rPois   .            (helmet restricted)
rElec   .            (no cloak)
rCorr   .            (gloves unavailable)
SInv    +            (boots unavailable)
Will    .....        (no amulet)
Stlth   +++          (no ring)
HPRegen 0.22/turn    (no ring)
MPRegen 0.10/turn

%: no passive effects
@: invisible, very quick
A: very small, no large weapons, unfitting armour, see invisible, speed 3
a: no special abilities


You were on level 1 of the Dungeon.
You visited 1 branch of the dungeon, and saw 1 of its levels.

You collected 10 gold pieces.

Inventory:

Hand Weapons
 a - a +1 dagger (weapon)
Armour
 b - a +0 robe (worn)
Jewellery
 f - a ring of see invisible
Scrolls
 d - a scroll of teleportation {unknown}
Potions
 c - a potion of invisibility
 e - a potion of enlightenment {unknown}


   Skills:
 + Level 1.4 Short Blades
 + Level 3.0 Dodging
 + Level 4.6 Stealth
 + Level 2.9 Spellcasting
 + Level 3.8 Hexes
 * Level 0.0 Translocations


You had 2 spell levels left.
You knew the following spells:

 Your Spells              Type           Power      Damage    Failure   Level
a - Ensorcelled Hibernat  Hex/Ice        16%        N/A       13%         2
b - Lesser Beckoning      Tloc           4%         N/A       28%         2

Your spell library contained the following spells:

 Spells                   Type           Power      Damage    Failure   Level
 Confusing Touch          Hex            14%        N/A       12%         3
 Tukima's Dance           Hex            14%        N/A       12%         3
 Dazzling Flash           Conj/Hex       16%        N/A       26%         3
 Gell's Gravitas          Tloc           2%         N/A       50%         3
 Ozocubu's Armour         Ice            2%         N/A       50%         3
 Teleport Other           Tloc           2%         N/A       50%         3
 Metabolic Englaciation   Hex/Ice        4%         N/A       94%         5
 Sculpt Simulacrum        Ice/Alch       1%         N/A       100%        6


Dungeon Overview and Level Annotations

Branches:
Dungeon (1/15)

Altars:


Innate Abilities, Weirdness & Mutations

You are very small and have problems with some larger weapons.
You are too small for most types of armour.
You have supernaturally acute eyesight. (SInv)
You cover ground extremely quickly. (Speed+++)


Message History

Press: ? - help, Shift-Dir - straight line, f/p - goblin
Aim: a goblin, wielding a +2 dagger of protection (chance to affect: 59%)
You miscast Ensorcelled Hibernation.
You are very lightly contaminated with residual magic.
Nothing appears to happen.
The goblin hits you with a +2 dagger of protection.
Casting: Ensorcelled Hibernation (safe; 13% risk of failure)
Confirm with . or Enter, or press ? or * to list all spells.
Aiming: Ensorcelled Hibernation (safe; 13% risk of failure)
Press: ? - help, Shift-Dir - straight line, f/p - goblin
Aim: a goblin, wielding a +2 dagger of protection (chance to affect: 59%)
The goblin resists with significant effort.
The goblin misses you.
You barely miss the goblin.
The goblin hits you with a +2 dagger of protection.
You hit the goblin.
The goblin is moderately wounded.
The goblin closely misses you.
You closely miss the goblin.
The goblin is moderately wounded.
The goblin misses you.
You hit the goblin but do no damage.
The goblin is moderately wounded.
You barely miss the goblin.
The goblin is moderately wounded.
The goblin barely misses you.
You closely miss the goblin.
The goblin is moderately wounded.
The goblin completely misses you.
Your magical contamination has completely faded away.
You hit the goblin.
The goblin is heavily wounded.
The goblin hits you with a +2 dagger of protection.
* * * LOW HITPOINT WARNING * * *
Casting: Ensorcelled Hibernation (safe; 13% risk of failure)
Confirm with . or Enter, or press ? or * to list all spells.
Okay, then.
You fade into invisibility!
The goblin hits you with a +2 dagger of protection.
You die...

#.. .....#+#.....#
..########..........
..).......†.........
.#..#..##..........
#..#.....##.......
#.....#..###......
#..##.#..# #...###
#..##.#..# #...#
#@....#..# #.....
#g.####..# #.#...
#.## ... #.# ... #..
#.#


You could see a goblin (unable to see you).

Vanquished Creatures
  A dart slug (D:1)
  An endoplasm (D:1)
  A giant cockroach (D:1)
  A goblin (D:1)
  2 ball pythons (D:1)
  2 bats (D:1)
  2 rats (D:1)
10 creatures vanquished.

Notes
Turn   | Place    | Note
-------+----------+-------------------------------------------
     0 | D:1      | tevo3000 the Spriggan Enchanter began the quest for the
                  | Orb.
     0 | D:1      | Reached XP level 1. HP: 9/9 MP: 5/5
   113 | D:1      | Reached XP level 2. HP: 11/13 MP: 6/6
   152 | D:1      | Learned a level 2 spell: Ensorcelled Hibernation
   155 | D:1      | Learned a level 2 spell: Lesser Beckoning
   202 | D:1      | Slain by a goblin

Illustrated notes

Levels and vault maps discovered:
D:1:      wander_arrival_lonely_grave, layout_basic

Skill      XL: |  1  2 |
---------------+-------+-----
Dodging        | 3 |  3.0
Short Blades   | |  1.4
Stealth        | |  4.6
Spellcasting   | |  2.9
Hexes          | |  3.8

Action                     || total
---------------------------++-------
  Melee: Dagger            ||    28
         Punch             ||     1
   Cast: Ensorcelled Hiber ||     3
    Use: Potion            ||     1
   Stab: Sleeping          ||     4
 Armour: Robe              ||    10
  Dodge: Dodged            ||    28
